 Dungeon Crawl Stone Soup version 0.31-a0-210-gccc998df9b (webtiles) character file.

Game seed: 1417389383585788815

228 123456 the Trooper (level 5, -2/48 HPs)
             Began as a Minotaur Fighter on June 30, 2023.
             Slain by a gnoll
             ... wielding a +0 halberd
              (5 damage)
             ... on level 3 of the Dungeon.
             The game lasted 00:02:20 (2593 turns).

123456 the Trooper (Minotaur Fighter)               Turns: 2593, Time: 00:02:21

Health: -2/48      AC:  7    Str: 22    XL:     5   Next: 70%
Magic:  4/4        EV: 10    Int:  5    God:
Gold:   226        SH:  4    Dex: 10    Spells: 4/4 levels left

rFire   . . .        o - +0 morningstar
rCold   . . .        c - +0 buckler
rNeg    . . .        b - +0 scale mail
rPois   .            (helmet restricted)
rElec   .            (no cloak)
rCorr   .            (no gloves)
SInv    .            (no boots)
Will    .....        (no amulet) Stlth
                     (no ring)
HPRegen 0.28/turn    (no ring)
MPRegen 0.09/turn

%: no passive effects
@: no status effects
A: horns 2, retaliatory headbutt
a: no special abilities


You were on level 3 of the Dungeon.
You visited 1 branch of the dungeon, and saw 3 of its levels.

You collected 226 gold pieces.

Inventory:

Hand Weapons
 o - a +0 morningstar (weapon)
Armour
 b - a +0 scale mail (worn)
 c - a +0 buckler (worn)
Scrolls
 e - 2 scrolls of enchant weapon
 h - 2 scrolls of teleportation
 l - a scroll of identify {unknown}
 m - a scroll of vulnerability {unknown}
 n - a scroll of fog
Potions
 d - 2 potions of might
 f - a potion of enlightenment {unknown}
 g - 3 potions of curing {unknown}
 i - a potion of degeneration {unknown}
 j - 2 potions of haste {unknown}
 k - a potion of resistance {unknown}


   Skills:
 * Level 5.4 Fighting
 * Level 4.6 Maces & Flails
 + Level 4.4 Armour
 + Level 2.2 Dodging
 - Level 3.6 Shields


You had 4 spell levels left.
You didn't know any spells.
Your spell library was empty.

Dungeon Overview and Level Annotations

Branches:
Dungeon (3/15)

Altars:
Cheibriados


Innate Abilities, Weirdness & Mutations

You have a pair of horns on your head.
You reflexively headbutt those who attack you in melee.


Message History

You closely miss the gnoll.
The gnoll is heavily wounded.
The gnoll hits you with a +0 flail.
You puncture the gnoll!
You kill the gnoll!
You puncture the gnoll!
The gnoll is heavily wounded.
The gnoll hits you with a +0 flail.
The gnoll hits you from afar with a +0 halberd.
The gnoll barely misses you.
The gnoll hits you from afar with a +0 halberd!
You are too injured to fight recklessly!
You hit the gnoll.
The gnoll is severely wounded.
The gnoll barely misses you. You furiously retaliate!
You headbutt the gnoll.
You kill the gnoll!
The gnoll closely misses you. The gnoll hits you with a +0 halberd!
* * * LOW HITPOINT WARNING * * *
Things that are here:
a +0 flail; a +0 flail; a gnoll corpse You closely miss the gnoll.
You headbutt the gnoll.
The gnoll is heavily wounded.
The gnoll closely misses you.
You hit the gnoll. Your headbutt misses the gnoll.
The gnoll is severely wounded.
The gnoll hits you with a +0 halberd.
* * * LOW HITPOINT WARNING * * *
The gnoll barely misses you.
You barely miss the gnoll.
The gnoll is severely wounded.
The gnoll barely misses you. You furiously retaliate!
You headbutt the gnoll. You closely miss the gnoll.
The gnoll is severely wounded.
The gnoll hits you with a +0 halberd.
* * * LOW HITPOINT WARNING * * *
You hit the gnoll.
The gnoll is almost dead.
The gnoll hits you with a +0 halberd.
You die...

#.# #.## ..# #)#
#... #.# #)# ####
#.# #.# #.# #.#
#.# #.# #.# #.#
#g# #.# #@# #.#
#.# #.#
.#####.#########.#
#................#
#.####.###########
#.# ... ##.# ###


You could see a gnoll.

Vanquished Creatures
  A hound (D:3)
  A jelly (D:3)
  An orc priest (D:3)
  Terence (D:3)
  2 gnolls (D:3)
  2 adders
  A worm (D:2)
  3 dart slugs
  2 orcs (D:3)
  8 ball pythons
  8 endoplasms
  6 giant cockroaches
  2 goblins
  5 hobgoblins
  3 jackals (D:1)
  3 kobolds
  2 quokkas (D:3)
  6 bats
  2 frilled lizards
  8 rats
67 creatures vanquished.

Notes
Turn   | Place    | Note
-------+----------+-------------------------------------------
     0 | D:1      | 123456 the Minotaur Fighter began the quest for the Orb.
     0 | D:1      | Reached XP level 1. HP: 19/19 MP: 0/0
    66 | D:1      | Reached XP level 2. HP: 9/27 MP: 1/1
   199 | D:1      | Reached skill level 4 in Fighting
   554 | D:1      | Reached skill level 1 in Dodging
   886 | D:2      | Reached XP level 3. HP: 33/33 MP: 2/2
   940 | D:2      | Found a snail-covered altar of Cheibriados.
  1647 | D:3      | Reached XP level 4. HP: 28/41 MP: 3/3
  2253 | D:3      | Noticed Terence
  2259 | D:3      | Killed Terence
  2260 | D:3      | Reached skill level 5 in Fighting
  2260 | D:3      | Reached XP level 5. HP: 45/48 MP: 4/4
  2593 | D:3      | Slain by a gnoll

Illustrated notes

Levels and vault maps discovered:
D:1:      psy_arrival_heroes, layout_basic, hangedman_decor_opposing
D:2:      layout_basic, basic_altar
D:3:      layout_loops_ring, grunt_decor_clamped, st_stairs_1, uniq_terence,
          uniq_crazy_yiuf_cottage

Skill      XL: |  1  2  3  4  5 |
---------------+----------------+-----
Fighting       | 4 5 |  5.4
Dodging        | 1 2 |  2.2
Maces & Flails | 3 4 |  4.6
Armour         | 4 |  4.4
Shields        | |  3.6

Action                     |  1- 3 |  4- 6 || total
---------------------------+-------+-------++-------
  Melee: Flail             |   106 |    26 ||   132
         Headbutt          |    13 |     8 ||    21
         Morningstar       |       |    15 ||    15
    Use: Scroll            |       |     5 ||     5
 Armour: Scale mail        |    53 |     9 ||    62
  Dodge: Dodged            |    58 |    27 ||    85
  Block: Buckler           |    24 |     5 ||    29

Table legend: (Time is in decaauts)
 A = Elapsed time spent in this place.
 B = Non-inter-level travel time spent in this place.
 C = Inter-level travel time spent in this place.
 D = Time resting spent in this place.
 E = Time spent auto-exploring this place.
 F = Levels seen in this place.
 G = Mean time per level.
                   A        B        C        D        E       F      G
               +--------+--------+--------+--------+--------+-----+--------+
         Total |   2632 |   2542 |     90 |    300 |   1859 |   3 |  877.3 |
       Dungeon |   2632 |   2542 |     90 |    300 |   1859 |   3 |  877.3 |
               +--------+--------+--------+--------+--------+-----+--------+

Top non-repeatable levels by time:
     D:3: 984 daAuts
     D:2: 838 daAuts
     D:1: 809 daAuts
